 Dungeon Crawl Stone Soup version 0.27-a0-1181-g5f64966fcc (webtiles) character file.

Game seed: 14111263404076842511

4998 Shayle the Lightning Rod (level 10, -1/79 (80) HPs)
             Began as a Demonspawn Warper on May 17, 2021.
             Was a Follower of Qazlal.
             Slain by a wight
             ... wielding a +2 trident
              (3 damage)
             ... on level 8 of the Dungeon.
             The game lasted 00:23:45 (10507 turns).

Shayle the Lightning Rod (Demonspawn Warper)       Turns: 10507, Time: 00:23:46

HP:   -1/79 (80)    AC: 14    Str: 17    XL:     10   Next: 29%
MP:   19/19         EV: 11    Int: 17    God:    Qazlal [*.....]
Gold: 390           SH:  5    Dex: 14    Spells: 12/13 levels left

rFire    . . .     SeeInvis .   c - +4 flail (protect)
rCold    . . .     Faith    .   j - +0 buckler
rNeg     + . .     Spirit   .   e - +0 steam dragon scales
rPois    .         Reflect  .   (helmet restricted)
rElec    .         Harm     .   m - +0 cloak
rCorr    .         Rampage  .   i - +0 pair of gloves
Will     .....                  (no boots)
Stlth    +.........             o - amulet of the acrobat
HPRegen  0.23/turn              k - ring of positive energy
MPRegen  0.16/turn              u - +6 ring of strength

@: brilliant, marked, under a protective aura, very slightly contaminated,
lightly drained, invisible
A: antennae 1, foul stench 1, icemail 1, condensation shield
a: Renounce Religion


You were on level 8 of the Dungeon.
You worshipped Qazlal.
Qazlal was aware of your devotion.
You visited 2 branches of the dungeon, and saw 10 of its levels.

You collected 390 gold pieces.

Inventory:

Hand Weapons
 c - a +4 flail of protection (weapon)
 h - a +0 whip of electrocution
 l - a +4 flail of draining
Armour
 b - a +0 leather armour
 e - +0 steam dragon scales (worn)
 f - a +0 ring mail
 i - a +0 pair of gloves (worn)
 j - a +0 buckler (worn)
 m - a +0 cloak (worn)
 z - a +2 robe of cold resistance
Magical Staves
 s - a staff of fire
Jewellery
 k - a ring of positive energy (left hand)
 o - an amulet of the acrobat (around neck)
 u - a +6 ring of strength (right hand)
Potions
 g - 2 potions of brilliance
 n - a potion of mutation
 q - 2 potions of haste
 t - a potion of flight {unknown}
 w - a potion of attraction {unknown}
 x - a potion of magic {unknown}


   Skills:
 + Level 8.1 Fighting
 + Level 7.4 Long Blades
 - Level 3.5 Throwing
 - Level 0.8 Armour
 - Level 1.7 Dodging
 - Level 2.0 Spellcasting
 - Level 2.6 Translocations
 * Level 12.2 Invocations


You had 12 spell levels left.
You knew the following spells:

 Your Spells              Type           Power      Damage    Failure   Level
a - Magic Dart            Conj           8%         1d3       32%         1

Your spell library contained the following spells:

 Spells                   Type           Power      Damage    Failure   Level
 Blink                    Tloc           N/A        N/A       16%         2
 Summon Small Mammal      Summ           8%         N/A       32%         1
 Gell's Gravitas          Tloc           8%         N/A       32%         3
 Lesser Beckoning         Tloc           8%         N/A       32%         3
 Teleport Other           Tloc           16%        N/A       32%         3
 Call Imp                 Summ           2%         N/A       43%         2
 Searing Ray              Conj           4%         3d3       43%         2
 Call Canine Familiar     Summ           2%         N/A       67%         3
 Dazzling Flash           Conj/Hex       4%         N/A       67%         3
 Summon Guardian Golem    Hex/Summ       2%         N/A       67%         3
 Iskenderun's Mystic Bla  Conj/Tloc      9%         2d4       88%         4
 Manifold Assault         Tloc           16%        N/A       96%         5
 Fulminant Prism          Conj/Hex       1%         3d6       97%         4
 Summon Ice Beast         Ice/Summ       2%         N/A       97%         4
 Summon Lightning Spire   Summ/Air       2%         N/A       97%         4


Dungeon Overview and Level Annotations

Branches:
Dungeon (9/15)             Temple (1/1) D:4
   Lair: D:8-11         Orc: D:9-12

Altars:
Cheibriados
Dithmenos
Elyvilon
Nemelex Xobeh
Qazlal
Trog
Wu Jian
Yredelemnul
Zin
The Shining One

Shops:
D:8 [

Annotations:
D:3 2 transporters, MikuNakano's ghost, amateur VSBe
D:6 2 transporters, tehphobia's ghost, novice DjFE
D:8 Joseph; Maurice


Innate Abilities, Weirdness & Mutations

You have a pair of small antennae on your head.
You may rarely emit foul miasma when damaged in melee.
A meltable icy envelope protects you from harm. (AC +0)
A meltable shield of frost defends you. (SH +0)


Message History

The wight is almost destroyed.
Maurice drinks a potion.
Maurice seems to speed up.
The wight hits you with a +2 trident.
* * * LOW HITPOINT WARNING * * *
You partially resist.
You feel drained.
You emit a cloud of foul miasma!
Unknown command.
Unknown command.
Unknown command.
It was a potion of invisibility.
You fade into invisibility!
Maurice barely misses you. You block the wight's attack.
You block Maurice's attack.
You are very lightly contaminated with residual magic.
You barely miss the wight.
The wight is almost destroyed.
Maurice hits you with a +0 flail.
* * * LOW HITPOINT WARNING * * *
Maurice steals your bubbling purple potion!
The wight barely misses you.
Maurice drinks a potion.
Maurice suddenly seems more resistant.
You closely miss the wight.
The wight is almost destroyed.
Maurice barely misses you. You block the wight's attack.
You block Maurice's attack. The wight closely misses you.
Unknown command.
You catch the helpless wight completely off-guard!
You hit the wight but do no damage.
Your weapon exudes an aura of protection.
The wight is almost destroyed.
Maurice closely misses you. Maurice hits you with a +0 flail!
* * * LOW HITPOINT WARNING * * *
Maurice steals your ring of fire!
Maurice puts on a ring of fire.
The wight barely misses you. Maurice hits you with a +0 flail!
* * * LOW HITPOINT WARNING * * *
Maurice steals your 9 boomerangs!
You closely miss the wight.
The wight is almost destroyed.
The wight barely misses you. You block Maurice's attack.
The wight hits you with a +2 trident.
You die...

##+### #
##### .....
.....z
...!..###.+
......zz#.#
#z#.# #@#.#
#@#.#
#z#{##
#.#)#..#
#......#
#.###..#
... #..##
#......####
#...#
#......#
#.#.##
#......##
#.#..##


You could see Maurice (fast, swift, resistant) and 4 wights.

Vanquished Creatures
  Harold (D:8)
  Pikel (D:7)
  Prince Ribbit (D:5)
  A hornet (D:9)
  Grinder (D:5)
  A steam dragon (D:8)
  Menkaure (D:7)
  A water moccasin (D:6)
  Duvessa (D:7)
  An orc warrior (D:8)
  A black bear (D:6)
  4 ogres
  A necrophage (D:6)
  A sky beast (D:7)
  3 centaurs
  A phantom (D:4)
  A kobold brigand (D:7)
  Blork the orc (D:5)
  3 bullfrogs
  A gnoll sergeant (D:8)
  A scorpion (D:4)
  Dowan (D:7)
  A water moccasin skeleton (D:6)
  6 killer bees
  4 centaur zombies
  2 jellies (D:6)
  2 orc priests
  A bullfrog zombie (D:6)
  3 hounds
  4 centaur skeletons
  2 gnoll shamans (D:7)
  3 iguanas
  3 orc wizards
  5 adders
  14 gnolls
  An adder skeleton (D:5)
  A worm (D:4)
  A dart slug (D:4)
  13 orcs
  7 endoplasms
  A giant cockroach (D:2)
  7 hobgoblins
  13 jackals
  7 kobolds
  3 quokkas
  A ball python (D:4)
  3 bats
  6 frilled lizards
  2 goblins
  A quokka skeleton (D:4)
  4 rats
150 creatures vanquished.

Vanquished Creatures (others)
  An orc wizard (D:6)
  6 plants (D:6)
7 creatures vanquished.

Grand Total: 157 creatures vanquished

Notes
Turn   | Place    | Note
-------+----------+-------------------------------------------
     0 | D:1      | Shayle the Demonspawn Warper began the quest for the Orb.
     0 | D:1      | Reached XP level 1. HP: 16/16 MP: 3/3
   139 | D:1      | Reached skill level 1 in Throwing
   145 | D:1      | Found a faded altar of an unknown god.
   162 | D:1      | Learned a level 1 spell: Magic Dart
   283 | D:1      | Gained mutation: You may rarely emit foul miasma when
                  | damaged in melee. [demonic ancestry]
   283 | D:1      | Reached XP level 2. HP: 15/22 MP: 5/5
  1168 | D:2      | Reached XP level 3. HP: 24/28 MP: 6/6
  1267 | D:2      | Noticed a bullfrog
  1274 | D:2      | Killed a bullfrog
  1275 | D:2      | Gained mutation: A meltable shield of frost defends you.
                  | (SH +0) [demonic ancestry]
  1275 | D:2      | Reached XP level 4. HP: 23/35 MP: 3/7
  1381 | D:2      | You fall into a shaft and drop 2 floors!
  1527 | D:3      | Found a transporter.
  2071 | D:1      | Gained mutation: A meltable icy envelope protects you from
                  | harm. (AC +0) [demonic ancestry]
  2071 | D:1      | Reached XP level 5. HP: 17/40 MP: 8/8
  2571 | D:3      | Found a transporter.
  2572 | D:3      | Noticed MikuNakano's ghost (amateur VSBe)
  3434 | D:4      | Reached XP level 6. HP: 45/48 MP: 5/9
  4202 | D:4      | Found a staircase to the Ecumenical Temple.
  4215 | Temple   | Entered the Ecumenical Temple
  4234 | Temple   | Became a worshipper of Qazlal Stormbringer
  4351 | D:4      | Reached skill level 1 in Invocations
  4481 | D:5      | Entered Level 5 of the Dungeon
  4486 | D:5      | Noticed Blork the orc
  4506 | D:5      | Killed Blork the orc
  4507 | D:5      | Reached skill level 2 in Invocations
  4507 | D:5      | Gained mutation: You have a pair of small antennae on your
                  | head. [demonic ancestry]
  4507 | D:5      | Reached XP level 7. HP: 41/55 MP: 10/10
  4656 | D:5      | Reached skill level 3 in Invocations
  4661 | D:5      | Noticed Prince Ribbit
  4691 | D:5      | Killed Prince Ribbit
  4692 | D:5      | Reached skill level 5 in Fighting
  4692 | D:5      | Reached skill level 4 in Invocations
  4954 | D:5      | Noticed Grinder
  4962 | D:5      | Paralysed by Grinder for 4 turns
  4969 | D:5      | Paralysed by Grinder for 2 turns
  4975 | D:5      | Killed Grinder
  4976 | D:5      | Reached skill level 5 in Invocations
  4976 | D:5      | Reached XP level 8. HP: 62/63 MP: 6/12
  5077 | D:5      | Reached skill level 5 in Long Blades
  5334 | D:6      | Reached skill level 6 in Invocations
  5603 | D:6      | Reached skill level 7 in Invocations
  5843 | D:6      | Identified the +0 kite shield of Apathy {rPois}
  5872 | D:6      | Found a transporter.
  5977 | D:6      | Found a transporter.
  5994 | D:6      | Identified the ring "Polif Ytt" {rPois rF+ Str+2 Dex+2}
  6022 | D:6      | Reached skill level 8 in Invocations
  6317 | D:6      | Noticed tehphobia's ghost (novice DjFE)
  6970 | D:7      | Noticed Duvessa
  6970 | D:7      | Noticed Dowan
  6998 | D:7      | Killed Duvessa
  6999 | D:7      | Reached XP level 9. HP: 48/71 MP: 15/15
  7001 | D:7      | Killed Dowan
  7022 | D:7      | Reached skill level 9 in Invocations
  7222 | D:7      | Noticed Menkaure
  7249 | D:7      | Killed Menkaure
  7384 | D:7      | Reached * piety under Qazlal
  7917 | D:7      | Reached skill level 10 in Invocations
  8249 | D:7      | Noticed Pikel
  8275 | D:7      | Killed Pikel
  8276 | D:7      | Reached skill level 11 in Invocations
  8766 | D:8      | Found Omuch's Antique Armour Boutique.
  8768 | D:8      | Noticed Maurice
  9340 | D:8      | Noticed Joseph
 10015 | D:8      | Reached XP level 10. HP: 74/80 MP: 18/18
 10193 | D:8      | Noticed Harold
 10482 | D:8      | Killed Harold
 10483 | D:8      | Reached skill level 12 in Invocations
 10506 | D:8      | HP: 1/79 [Maurice/+0 flail (11)]
 10507 | D:8      | Slain by a wight

Illustrated notes

Levels and vault maps discovered:
D:1:      dpeg_arrival_tiny_a, layout_loops_ring, basic_ecumenical_altar
D:2:      layout_basic
D:3:      layout_basic, gammafunk_ghost_mausoleum, minmay_stone_trees_small,
          minmay_randomly_rotated_circles
D:4:      layout_basic, minmay_temple_entry_statues_fountains
D:5:      layout_rooms, serial_curves, eino_curves_03, eino_curves_02,
          eino_curves_04, uniq_prince_ribbit1, uniq_blork_the_orc, uniq_grinder
D:6:      layout_loops_ring, kennysheep_mini_moat,
          gammafunk_ghost_gnarly_gnolls, minmay_misc_feat_plants
D:7:      layout_loops_cross, uniq_menkaure, uniq_duvessa, uniq_pikel
D:8:      minmay_the_grid_plus_closed [minmay_the_grid_stretched_grid,
          minmay_the_grid_large_cup, minmay_the_grid_minigrid_large,
          minmay_the_grid_outer_diamond,
          minmay_the_grid_prize_four_corners_diamond_b], layout_basic,
          serial_shops, shop, uniq_joseph, uniq_maurice, uniq_harold
D:9:      layout_rooms, lair_entry_dummy, minmay_misc_feat_iff, uniq_erica
Temple:   regret_index_temple_chain_breaker

Skill      XL: |  1  2  3  4  5  6  7  8  9 10 |
---------------+-------------------------------+-----
Throwing       | 1 2 3 |  3.5
Long Blades    | 2 3 4 5 7 |  7.4
Fighting       | 3 4 5 6 7 8 |  8.1
Invocations    | 2 5 8 11 12 | 12.2
Armour         | |  0.8
Dodging        | |  1.7
Spellcasting   | |  2.0
Translocations | |  2.6

Action                   |  1- 3 |  4- 6 |  7- 9 | 10-12 || total
-------------------------+-------+-------+-------+-------++-------
Melee: Falchion          |    56 |    19 |       |       ||    75
       Flail             |       |   167 |   316 |    60 ||   543
Throw: Boomerang         |     5 |     3 |    13 |       ||    21
       Dart              |       |       |       |     1 ||     1
 Cast: Magic Dart        |     3 |     2 |     1 |       ||     6
Evoke: Wand              |       |     2 |     8 |       ||    10
  Use: Scroll            |     1 |     9 |     8 |       ||    18
       Potion            |     1 |     1 |     4 |     2 ||     8
 Stab: Invisible         |       |       |       |     1 ||     1
Armor: Leather armour    |    22 |     2 |       |       ||    24
       Ring mail         |       |    70 |   208 |    25 ||   303
       Steam dragon scal |       |       |       |    13 ||    13
Dodge: Dodged            |    32 |    94 |   186 |    54 ||   366
Block: Buckler           |       |    68 |   183 |    51 ||   302
       Other             |       |     2 |       |       ||     2
       Rpst.: Falchion   |    12 |     7 |       |       ||    19

Table legend: (Time is in decaauts)
 A = Elapsed time spent in this place.
 B = Non-inter-level travel time spent in this place.
 C = Inter-level travel time spent in this place.
 D = Time resting spent in this place.
 E = Time spent auto-exploring this place.
 F = Levels seen in this place.
 G = Mean time per level.
                   A        B        C        D        E       F      G
               +--------+--------+--------+--------+--------+-----+--------+
         Total |  10796 |  10275 |    521 |   2452 |   5553 |  10 | 1079.6 |
       Dungeon |  10762 |  10256 |    506 |   2452 |   5538 |   9 | 1195.8 |
        Temple |     34 |     19 |     15 |      0 |     15 |   1 |   34.0 |
               +--------+--------+--------+--------+--------+-----+--------+

Top non-repeatable levels by time:
     D:7: 2216 daAuts
     D:6: 1735 daAuts
     D:4: 1230 daAuts
     D:1: 1209 daAuts
     D:3: 1178 daAuts
     D:2: 1072 daAuts
     D:5: 879 daAuts
     D:8: 743 daAuts
     D:9: 498 daAuts
  Temple: 34 daAuts
